 Dungeon Crawl Stone Soup version 0.29-a0-504-gec6baf379c (webtiles) character file.

Game seed: 423607469003612544

13 Morbidden the Sneak (level 2, 22/22 HPs)
             Began as a Vampire Brigand on May 28, 2022.
             Was a Follower of Kikubaaqudgha.
             Quit the game on level 1 of the Dungeon.
             The game lasted 00:00:31 (222 turns).

Morbidden the Sneak (Vampire Brigand)                Turns: 222, Time: 00:00:31

Health: 22/22      AC:  3    Str: 10    XL:     2   Next: 24%
Magic:  2/2        EV: 12    Int: 13    God:    Kikubaaqudgha [*.....]
Gold:   24         SH:  0    Dex: 15    Spells: 1/1 levels left

rFire   . . .      SeeInvis +   a - +2 dagger
rCold   . . .      Faith    .   (no shield)
rNeg    . . .      Spirit   .   b - +0 robe
rPois   .          Reflect  .   (no helmet)
rElec   .          Harm     .   c - +0 cloak
rCorr   .          Rampage  .   (no gloves)
Will    .....                   (no boots)
Stlth   +++.......              (no amulet)
HPRegen 0.27/turn               (no ring)
MPRegen 0.08/turn               (no ring)

@: healing quickly
A: alive, fangs 3, see invisible, vampiric 1
a: Exsanguinate, Renounce Religion, Unearth Wretches


You were on level 1 of the Dungeon.
You worshipped Kikubaaqudgha.
Kikubaaqudgha was aware of your devotion.
You visited 1 branch of the dungeon, and saw 1 of its levels.

You collected 24 gold pieces.

Inventory:

Hand Weapons
 a - a +2 dagger (weapon)
Missiles
 d - 9 poisoned darts (quivered)
 e - 3 curare-tipped darts
Armour
 b - a +0 robe (worn)
 c - a +0 cloak (worn)
Potions
 f - a potion of brilliance {unknown}
 g - a potion of berserk rage {unknown}


   Skills:
 * Level 1.7 Fighting
 * Level 2.2 Short Blades
 + Level 1.6 Throwing
 * Level 1.3 Dodging
 + Level 6.5 Stealth
 * Level 0.1 Spellcasting


You had one spell level left.
You didn't know any spells.
Your spell library contained the following spells:

 Spells                   Type           Power      Damage    Failure   Level
 Necrotize                Necr           0%         1d4       30%         1
 Sublimation of Blood     Necr           0%         N/A       43%         2
 Anguish                  Hex/Necr       0%         N/A       97%         4
 Animate Dead             Necr           0%         N/A       97%         4


Dungeon Overview and Level Annotations

Branches:
Dungeon (1/15)

Altars:
Kikubaaqudgha


Innate Abilities, Weirdness & Mutations

Your natural rate of healing is accelerated.
You have razor-sharp teeth.
You have supernaturally acute eyesight. (SInv)
You are afflicted with vampirism.


Message History

You hit the goblin.
You kill the goblin!
Kikubaaqudgha accepts your kill.
A bat comes into view.
The bat closely misses you.
The bat moves out of view.
You hit the bat.
You kill the bat!
Kikubaaqudgha accepts your kill.
An endoplasm is nearby!
You hit the endoplasm. You bite the endoplasm.
The endoplasm is almost dead.
The endoplasm freezes you.
You are frozen.
An endoplasm is nearby!
You hit the endoplasm.
You kill the endoplasm!
Kikubaaqudgha accepts your kill.
A bat is nearby!
You see here a +0 club.
A bat is nearby!
Found 19 stones.
A bat is nearby!
Found an emerald potion.
The bat hits you.
A bat is nearby!
You hit the bat.
You kill the bat!
Kikubaaqudgha accepts your kill.
You now have 14 gold pieces (gained 2).
g - an emerald potion No target in view!
You open the door.
There is an open door here.
You open the door.
There is an open door here.
You now have 24 gold pieces (gained 10).
An endoplasm comes into view.
Found a leather armour.
An endoplasm is nearby!
Unknown command.
Are you sure you want to abandon this character and quit the game? (Confirm with "yes".)

...####.##.##
#..# ...#
#.##..# #..#
...#
#.###.###..#
#.##
#..........#
#.#
#####..###.#
#.#
###.###.##
.........#
###..##..#
.......@.#
.........#
####.##..# #.
#..# # #..#
#[J# ##. #..#
#... #..#
#..#


You could see an endoplasm (asleep).

Vanquished Creatures
  An endoplasm (D:1)
  A goblin (D:1)
  A hobgoblin (D:1)
  3 jackals (D:1)
  2 ball pythons (D:1)
  2 bats (D:1)
  A rat (D:1)
11 creatures vanquished.

Notes
Turn   | Place    | Note
-------+----------+-------------------------------------------
     0 | D:1      | Morbidden the Vampire Brigand began the quest for the Orb.
     0 | D:1      | Reached XP level 1. HP: 16/16 MP: 1/1
    48 | D:1      | Reached skill level 6 in Stealth
    80 | D:1      | Found a faded altar of an unknown god.
   104 | D:1      | Reached XP level 2. HP: 22/22 MP: 2/2
   114 | D:1      | Prayed at the altar of an unknown god.
   114 | D:1      | Became a worshipper of Kikubaaqudgha
   114 | D:1      | Reached * piety under Kikubaaqudgha
   114 | D:1      | Received a gift from Kikubaaqudgha
   222 | D:1      | Quit the game

Illustrated notes

Levels and vault maps discovered:
D:1:      lemuel_arrival_tunnels, layout_basic, ebering_ecumenical_altar_rust,
          minmay_pentomino_z2

Skill      XL: |  1 |
---------------+----+-----
Stealth        | 6 |  6.5
Fighting       | |  1.7
Short Blades   | |  2.2
Throwing       | |  1.6
Dodging        | |  1.3
Spellcasting   | |  0.1

Action                   || total
-------------------------++-------
Melee: Dagger            ||    29
       Bite              ||     2
Armor: Robe              ||     8
Dodge: Dodged            ||    22

Table legend: (Time is in decaauts)
 A = Elapsed time spent in this place.
 B = Non-inter-level travel time spent in this place.
 C = Inter-level travel time spent in this place.
 D = Time resting spent in this place.
 E = Time spent auto-exploring this place.
 F = Levels seen in this place.
 G = Mean time per level.
                   A        B        C        D        E       F      G
               +--------+--------+--------+--------+--------+-----+--------+
         Total |    218 |    218 |      0 |      0 |    154 |   1 |  218.0 |
       Dungeon |    218 |    218 |      0 |      0 |    154 |   1 |  218.0 |
               +--------+--------+--------+--------+--------+-----+--------+

Top non-repeatable levels by time:
     D:1: 218 daAuts
